 Dungeon Crawl Stone Soup version 0.27-a0-577-ge2a43ba0c9 (webtiles) character file.

Game seed: 5904195272985771551

2269 jestyr24 the Covert (level 9, -14/59 HPs)
             Began as an Octopode Conjurer on Mar 8, 2021.
             Was a Follower of Okawaru.
             Demolished by an orc warrior
             ... wielding a +0 trident
              (19 damage)
             ... in a bailey on Mar 9, 2021.
             The game lasted 00:50:35 (7747 turns).

jestyr24 the Covert (Octopode Conjurer)             Turns: 7747, Time: 00:50:36

Health: -14/59     AC:  9    Str:  7    XL:     9   Next: 38%
Magic:  1/16       EV: 18    Int: 23    God:    Okawaru [*.....]
Gold:   385        SH:  4    Dex: 10    Spells: 14/17 levels left

rFire    + . .     SeeInvis .   p - +5 war axe (freeze)
rCold    . . .     Faith    .   e - +0 buckler
rNeg     . . .     Spirit   .   (helmet restricted)
rPois    .         Reflect  .   (no amulet)
rElec    .         Harm     .   c - +4 ring of protection
rCorr    .         Rampage  .   f - +4 ring of protection
Will     .....                  j - ring of protection from fire
Stlth    +++++.....             r - +4 ring of evasion
HPRegen  0.19/turn              (no ring)
MPRegen  0.15/turn              (no ring)
                                (no ring)
                                (no ring)

@: no status effects
A: almost no armour, amphibious, 8 rings, constrict 8, camouflage 1, gelatinous
body 1, nimble swimmer 1
a: Renounce Religion, Heroism


You were in a bailey.
You worshipped Okawaru.
Okawaru was aware of your devotion.
You visited 2 branches of the dungeon, and saw 8 of its levels.
You also visited: Bailey.

You collected 385 gold pieces.

Inventory:

Hand Weapons
 l - a +2 spear of flaming
 p - a +5 war axe of freezing (weapon)
 z - a +1 dagger of venom
 D - a +3 hand axe of freezing
Missiles
 n - 8 datura-tipped darts
 s - 4 boomerangs
Armour
 e - a +0 buckler (worn)
Jewellery
 c - a +4 ring of protection (left tentacle)
 f - a +4 ring of protection (right tentacle)
 j - a ring of protection from fire (on tentacle)
 r - a +4 ring of evasion (on tentacle)
 x - a ring of see invisible
Wands
 y - a wand of random effects (17)
Scrolls
 a - a scroll of identify
 h - 4 scrolls of amnesia
 i - a scroll of random uselessness {unknown}
 k - 2 scrolls of enchant armour {unknown}
 o - 3 scrolls of enchant weapon {unknown}
 t - a scroll of blinking {unknown}
 v - a scroll of magic mapping {unknown}
 w - a scroll of teleportation {unknown}
 B - a scroll of fear {unknown}
Potions
 b - 3 potions of cancellation {unknown}
 d - 5 potions of heal wounds
 m - 2 potions of mutation {unknown}
 q - 9 potions of curing
 u - a potion of resistance {unknown}
 A - a potion of attraction {unknown}
 C - 2 potions of might {unknown}
 E - a potion of invisibility {unknown}
 F - a potion of haste {unknown}


   Skills:
 + Level 4.3 Fighting
 - Level 1.0 Polearms
 + Level 4.3 Dodging
 + Level 10.4 Stealth
 - Level 4.3 Shields
 * Level 4.8 Spellcasting
 * Level 5.5 Conjurations


You had 14 spell levels left.
You knew the following spells:

 Your Spells              Type           Power      Damage    Failure   Level
a - Magic Dart            Conj           100%       1d8       1%          1
b - Searing Ray           Conj           62%        3d5       1%          2

Your spell library contained the following spells:

 Spells                   Type           Power      Damage    Failure   Level
 Freeze                   Ice            20%        1d4       10%         1
 Dazzling Flash           Conj/Hex       36%        N/A       10%         3
 Frozen Ramparts          Ice            10%        1d3       28%         3
 Ozocubu's Armour         Ice            5%         N/A       28%         3
 Fulminant Prism          Conj/Hex       9%         3d7       30%         4
 Hailstorm                Conj/Ice       18%        3d6       30%         4
 Iskenderun's Mystic Bla  Conj/Tloc      18%        2d6       30%         4
 Summon Ice Beast         Ice/Summ       5%         N/A       67%         4


Dungeon Overview and Level Annotations

Branches:
Dungeon (7/15)             Temple (1/1) D:6          Bailey (1/1)

Altars:
Ashenzari
Cheibriados
Dithmenos
Elyvilon
Fedhas
Gozag
Hepliaklqana
Kikubaaqudgha
Makhleb
Nemelex Xobeh
Okawaru
Qazlal
Ru
Sif Muna
Trog
Uskayaw
Vehumet
Wu Jian
Xom
Yredelemnul
Zin
The Shining One


Innate Abilities, Weirdness & Mutations

You cannot wear most types of armour.
You are amphibious.
You can wear up to eight rings at the same time.
You can use your tentacles to constrict eight enemies at once.
Your skin changes colour to match your surroundings (Stealth+).
Your rubbery body absorbs attacks. (AC +1, EV +1)
You are stealthy while swimming. (Stealth+)


Message History

The orc warrior is almost dead. (Press . to maintain the ray.)
The orc knight hits you from afar with a +0 glaive!!
Ouch! That really hurt!
* * * LOW HITPOINT WARNING * * *
You feel much better.
The orc knight hits you from afar with a +0 glaive!
Casting: Searing Ray (safe; 1% risk of failure)
Confirm with . or Enter, or press ? or * to list all spells.
Aiming: Searing Ray (safe; 1% risk of failure)
Press: ? - help, Shift-Dir - straight line, f/p - orc knight
Aim: an orc knight, wielding a +0 glaive and wearing a +0 ring mail (severely wounded, 26% to evade)
The searing ray hits the orc knight.
The orc knight is severely wounded.
The searing ray hits the orc warrior.
The orc warrior is almost dead. (Press . to maintain the ray.)
The orc knight barely misses you. The orc warrior barely misses you.
The orc completely misses you.
You hit the orc knight. You freeze the orc knight.
Your grab misses the orc knight. Your squeeze misses the orc knight.
The orc knight is almost dead.
The orc knight roars a battlecry!
The orc goes into a battle-frenzy!
The orc warrior closely misses you. The orc hits you but does no damage.
You miss the orc knight. Your grab misses the orc knight.
The orc knight is almost dead.
The orc warrior no longer looks unusually strong.
You block the orc warrior's attack. The orc hits you but does no damage.
The orc knight suddenly grunts, as Orcs often do.
The orc knight closely misses you. The orc completely misses you.
The orc warrior barely misses you.
You hit the orc knight. You freeze the orc knight. You grab the orc knight.
The orc knight is almost dead.
You constrict the orc knight.
The orc knight hits you with a +0 glaive!
* * * LOW HITPOINT WARNING * * *
The orc hits you but does no damage.
The orc warrior hits you from afar with a +0 trident!!
You die...

############ #######
##.∩........## ##.....####
#...)........######.......#..
#..)))......o#...)#.......'..
#∩...)......@'o...))).....o..
#..))).......#o..)#.......'..
#............######.......#..
##.∩...)....## ##.....####
############ #######


You could see an orc knight, an orc warrior and an orc (strong).

Vanquished Creatures
  Edmund (D:4)
  A water moccasin (D:7)
  2 orc warriors (Bailey)
  An ice beast (D:6)
  A sky beast (D:7)
  4 ogres
  3 centaurs
  A phantom (D:6)
  2 bullfrogs (D:6)
  3 wights
  2 howler monkeys (D:4)
  A bullfrog zombie (D:5)
  A quasit (D:4)
  A hound (D:4)
  A centaur skeleton (D:6)
  A jelly (D:5)
  2 orc priests (D:3)
  3 orc wizards (D:6)
  An iguana (D:4)
  A worker ant (D:7)
  2 hound skeletons
  A hound zombie (D:6)
  3 gnolls (D:6)
  8 adders
  2 white imps
  2 ufetubi (D:6)
  An ooze (D:5)
  An adder zombie (D:6)
  7 worms
  3 dart slugs
  8 leopard geckos
  42 orcs
  4 giant cockroaches
  5 goblins
  10 hobgoblins
  2 jackals (D:2)
  7 quokkas
  3 ball pythons (D:1)
  13 bats
  8 frilled lizards
  A jackal skeleton (D:6)
  7 kobolds
  A quokka skeleton (D:5)
  10 rats
184 creatures vanquished.

Notes
Turn   | Place    | Note
-------+----------+-------------------------------------------
     0 | D:1      | jestyr24 the Octopode Conjurer began the quest for the Orb.
     0 | D:1      | Reached XP level 1. HP: 11/11 MP: 3/3
   339 | D:1      | Reached XP level 2. HP: 17/17 MP: 1/5
   342 | D:1      | Learned a level 2 spell: Searing Ray
   407 | D:1      | Found a broken altar of Ashenzari.
   772 | D:1      | Reached skill level 3 in Stealth
   832 | D:1      | Reached XP level 3. HP: 21/21 MP: 6/6
  1296 | D:2      | Found a shadowy altar of Dithmenos.
  1569 | D:2      | Reached XP level 4. HP: 23/27 MP: 7/7
  1941 | D:2      | Reached skill level 1 in Shields
  1947 | D:2      | Reached skill level 4 in Stealth
  2396 | D:3      | Reached skill level 1 in Fighting
  2402 | D:3      | Reached XP level 5. HP: 13/33 MP: 8/8
  3024 | D:3      | Reached skill level 1 in Polearms
  3069 | D:3      | You fall into a shaft and drop 1 floor!
  3284 | D:3      | You fall into a shaft and drop 1 floor!
  3705 | D:3      | Reached skill level 5 in Stealth
  3705 | D:3      | Reached XP level 6. HP: 7/38 MP: 8/10
  4390 | D:4      | Noticed Edmund
  4403 | D:4      | Killed Edmund
  4404 | D:4      | Reached skill level 6 in Stealth
  4404 | D:4      | Reached XP level 7. HP: 20/44 MP: 0/11
  4743 | D:4      | Reached skill level 7 in Stealth
  5152 | D:5      | Entered Level 5 of the Dungeon
  5421 | D:5      | Reached XP level 8. HP: 46/51 MP: 7/13
  5502 | D:5      | Identified the +0 robe of Goiluj {rC- Slay+2 SInv}
  5508 | D:5      | Reached skill level 8 in Stealth
  5829 | D:6      | Upgraded the game from 0.27-a0-562-g0d39f094a4 to
                  | 0.27-a0-577-ge2a43ba0c9
  5850 | D:6      | Reached skill level 5 in Conjurations
  5949 | D:6      | Found a staircase to the Ecumenical Temple.
  5960 | Temple   | Entered the Ecumenical Temple
  6224 | Temple   | Became a worshipper of Warmaster Okawaru
  6259 | D:6      | Reached skill level 9 in Stealth
  6600 | D:6      | Reached XP level 9. HP: 58/58 MP: 15/15
  7062 | D:7      | Reached skill level 10 in Stealth
  7065 | D:7      | Reached * piety under Okawaru
  7168 | D:7      | Found a flagged portal.
  7246 | Bailey   | Entered a bailey
  7664 | Bailey   | Noticed an orc knight
  7665 | Bailey   | Noticed an orc knight
  7747 | Bailey   | Demolished by an orc warrior

Illustrated notes

Levels and vault maps discovered:
D:1:      matt_arrival_grand_opening, layout_basic, nicolae_ashenzari_panopticon
D:2:      layout_loops_corners, lemuel_round_altar
D:3:      layout_loops_cross
D:4:      minmay_chambers_of_twos, layout_basic, minmay_misc_feat_secret_circle,
          uniq_edmund
D:5:      layout_rooms
D:6:      layout_gridville, minmay_temple_entry_statues_fountains
D:7:      layout_basic, enter_bailey_8, minmay_manual_moon, uniq_maggie
Temple:   roderic_octagonal_lattice_temple
Bailey:   bailey_polearm_5, bailey

Skill      XL: |  1  2  3  4  5  6  7  8  9 |
---------------+----------------------------+-----
Stealth        | 3 4 5 6 7 9 10 | 10.4
Shields        | 1 2 3 4 |  4.3
Fighting       | 1 2 3 4 |  4.3
Polearms       | 1 |  1.0
Spellcasting   | 3 4 |  4.8
Dodging        | 3 4 |  4.3
Conjurations   | 5 |  5.5

Action                   |  1- 3 |  4- 6 |  7- 9 || total
-------------------------+-------+-------+-------++-------
Melee: Short sword       |    78 |       |       ||    78
       Tentacles         |    10 |    12 |    10 ||    32
       Constrict         |    14 |    22 |    20 ||    56
       Spear             |       |   125 |       ||   125
       War axe           |       |     9 |   112 ||   121
 Cast: Magic Dart        |    34 |    15 |    15 ||    64
       Searing Ray       |       |     5 |    34 ||    39
  Use: Potion            |       |       |     5 ||     5
       Scroll            |       |       |     2 ||     2
 Stab: Sleeping          |    10 |    13 |    19 ||    42
Armor: Skin              |    34 |    47 |    56 ||   137
Dodge: Dodged            |    49 |    58 |   163 ||   270
Block: Buckler           |     7 |    25 |    33 ||    65

Table legend: (Time is in decaauts)
 A = Elapsed time spent in this place.
 B = Non-inter-level travel time spent in this place.
 C = Inter-level travel time spent in this place.
 D = Time resting spent in this place.
 E = Time spent auto-exploring this place.
 F = Levels seen in this place.
 G = Mean time per level.
                   A        B        C        D        E       F      G
               +--------+--------+--------+--------+--------+-----+--------+
         Total |   7837 |   7684 |    153 |   2159 |   3330 |   9 |  870.8 |
       Dungeon |   7042 |   6917 |    125 |   1866 |   3101 |   7 | 1006.0 |
        Temple |    283 |    255 |     28 |      0 |    229 |   1 |  283.0 |
        Bailey |    511 |    511 |      0 |    293 |      0 |   1 |  511.0 |
               +--------+--------+--------+--------+--------+-----+--------+

Top non-repeatable levels by time:
     D:2: 1557 daAuts
     D:3: 1459 daAuts
     D:4: 1158 daAuts
     D:1: 1024 daAuts
     D:6: 911 daAuts
     D:5: 664 daAuts
  Bailey: 511 daAuts
  Temple: 283 daAuts
     D:7: 267 daAuts
